 Dungeon Crawl Stone Soup version 0.30-a0-358-g0d69a1922f (webtiles) character file.

Game seed: 4770906614204893485

246 koil the Chopper (level 6, -10/49 (51) HPs)
             Began as a Hill Orc Reaver on Nov 9, 2022.
             Mangled by a wight
             ... wielding a +0 battleaxe
              (15 damage)
             ... in a sewer.
             The game lasted 00:09:40 (2362 turns).

koil the Chopper (Hill Orc Reaver)                  Turns: 2362, Time: 00:09:40

HP:   -10/49 (51)   AC:  9    Str: 17    XL:     6   Next: 11%
MP:   9/9           EV: 10    Int: 13    God:
Gold: 144           SH:  0    Dex:  9    Spells: 5/9 levels left

rFire   . . .      SeeInvis .    a - +0 hand axe
rCold   . . .      Faith    .    (no shield)
rNeg    . . .      Spirit   .    m - +0 scale mail
rPois   .          Reflect  .    s - +0 helmet
rElec   .          Harm     .    r - +1 cloak
rCorr   .          Rampage  .    (no gloves)
Will    .....                    (no boots)
Stlth   ..........               (no amulet)
HPRegen 0.28/turn                (no ring)
MPRegen 0.11/turn                (no ring)

@: lightly drained
A: no striking features
a: no special abilities


You were in a sewer.
You visited 1 branch of the dungeon, and saw 3 of its levels.
You also visited: Sewer.

You collected 144 gold pieces.

Inventory:

Hand Weapons
 a - a +0 hand axe (weapon)
 o - a +1 rapier of flaming
 u - a +1 whip of electrocution
 v - a +2 short sword of protection
Missiles
 f - 11 poisoned darts
Armour
 b - a +0 leather armour
 m - a +0 scale mail (worn)
 r - a +1 cloak (worn)
 s - a +0 helmet (worn)
Magical Staves
 t - a staff of poison
Scrolls
 c - a scroll of torment
 h - a scroll of summoning {unknown}
 i - a scroll of identify {unknown}
 j - a scroll of immolation {unknown}
 n - a scroll of magic mapping {unknown}
 q - a scroll of silence {unknown}
Potions
 k - 2 potions of curing
 l - a potion of cancellation


   Skills:
 + Level 3.6 Fighting
 + Level 5.0 Axes
 + Level 2.2 Armour
 + Level 2.4 Dodging
 + Level 2.2 Spellcasting
 + Level 3.8 Conjurations
 + Level 1.0 Ice Magic


You had 5 spell levels left.
You knew the following spells:

 Your Spells              Type           Power      Damage    Failure   Level
a - Kiss of Death         Conj/Necr      24%        2d7       36%         1
b - Hailstorm             Conj/Ice       7%         3d4       67%         3

Your spell library contained the following spells:

 Spells                   Type           Power      Damage    Failure   Level
 Momentum Strike          Conj/Tloc      12%        3d8       52%         2
 Portal Projectile        Hex/Tloc       2%         N/A       95%         3
 Tukima's Dance           Hex            1%         N/A       95%         3
 Blade Hands              Tmut           0%         N/A       100%        5


Dungeon Overview and Level Annotations

Branches:
Dungeon (3/15)              Sewer (1/1)

Altars:

Annotations:
Sewer Grinder


Message History

Grinder hits you.
You writhe in agony.
* * * LOW HITPOINT WARNING * * *
You swap places.
The wight barely misses you. The wight misses your butterfly.
The wight hits your butterfly with a +0 battleaxe.
Your butterfly dies!
Your butterfly disappears in a burst of colours!
Grinder hits you but does no damage. The wight misses your butterfly.
The wight hits your butterfly with a +0 battleaxe.
Your butterfly dies!
Your butterfly disappears in a burst of colours!
The wight misses your butterfly.
The wight closely misses your butterfly.
The wight misses your butterfly. Grinder hits you.
* * * LOW HITPOINT WARNING * * *
There is an open gate here.
You swap places.
A wight comes into view. It is wielding a +0 scimitar.
The wight hits you but does no damage.
The wight closely misses your butterfly.
The wight misses your butterfly. Grinder hits you.
* * * LOW HITPOINT WARNING * * *
You writhe in agony.
* * * LOW HITPOINT WARNING * * *
You swap places.
The wight misses your butterfly.
The wight completely misses your butterfly.
The wight barely misses your butterfly.
The wight hits your butterfly with a +0 battleaxe!
Your butterfly dies!
Your butterfly disappears in a burst of colours!
The wight barely misses your butterfly. Grinder hits your butterfly!
Your butterfly dies!
Your butterfly disappears in a burst of colours!
Grinder hits your butterfly.
Your butterfly dies!
Your butterfly disappears in a burst of colours!
The wight barely misses your butterfly.
There is a broken door here.
The wight attacks as you move away! The wight hits you with a +0 battleaxe!
You die...

##'''##
#####..z..#########
≈≈≈#..⌠b⌠..#b~≈b≈≈##
...'..b.bb.bbbb...[#
...'bb.b.⌠bbb...b.)(
...'...b.b.b.bbb..!#
≈#.b.b.5.#≈b≈~≈≈##
###..z##########
#############@########
#≈≈≈#≈≈~~≈≈#)..#≈~≈~≈≈
#≈~~~~≈.~≈))....~~~~.~
#≈~~#....÷.#...#......
#≈~≈#'#######≈#######'
#≈~~#......#≈≈≈#.....
#≈≈~#≈.≈Z.Z#≈≈≈#..~~~
#~≈≈#≈≈≈≈....≈...~≈~~
#≈≈≈#≈≈≈≈≈~#...#~≈≈≈≈


You could see Grinder (ally target) and 2 wights.

Vanquished Creatures
  A necrophage (Sewer)
  A hound (D:3)
  5 adders
  A shadow imp (Sewer)
  3 ufetubi (Sewer)
  2 worms
  4 dart slugs
  An endoplasm (D:2)
  4 giant cockroaches
  3 goblins
  6 hobgoblins
  3 quokkas
  5 ball pythons
  6 bats
  6 frilled lizards
  22 kobolds
  A kobold zombie (Sewer)
  9 rats
83 creatures vanquished.

Notes
Turn   | Place    | Note
-------+----------+-------------------------------------------
     0 | D:1      | koil the Hill Orc Reaver began the quest for the Orb.
     0 | D:1      | Reached XP level 1. HP: 18/18 MP: 3/3
   170 | D:1      | Reached XP level 2. HP: 25/25 MP: 4/4
   503 | D:1      | Reached XP level 3. HP: 30/30 MP: 5/5
  1080 | D:2      | Reached skill level 1 in Armour
  1330 | D:2      | Reached XP level 4. HP: 35/38 MP: 7/7
  1782 | D:3      | Learned a level 3 spell: Hailstorm
  1806 | D:3      | Reached XP level 5. HP: 45/45 MP: 8/8
  1888 | D:3      | Found a glowing drain.
  1898 | Sewer    | Entered a sewer
  2153 | Sewer    | HP: 4/44 [wight/+0 battleaxe (10)]
  2162 | Sewer    | HP: 6/44 [bat (1)]
  2180 | Sewer    | HP: 7/42 [wight/+0 battleaxe (8)]
  2184 | Sewer    | Reached skill level 5 in Axes
  2184 | Sewer    | Reached skill level 1 in Ice Magic
  2184 | Sewer    | Reached XP level 6. HP: 15/51 MP: 9/9
  2235 | Sewer    | Noticed Grinder
  2236 | Sewer    | Found an ancient bone altar of Kikubaaqudgha.
  2356 | Sewer    | HP: 6/49 [Grinder (5)]
  2362 | Sewer    | Mangled by a wight

Illustrated notes

Levels and vault maps discovered:
D:1:      spicycebolla_green_bress_n_ham_2, layout_basic
D:2:      minmay_recursive_quarters, layout_basic
D:3:      layout_loops_ring, gup_sewer_entry_bubbles,
          amcnicky_mini_rare_corridor_liquid
Sewer:    kennysheep_sewer_church

Skill      XL: |  1  2  3  4  5 |
---------------+----------------+-----
Armour         | 1 2 |  2.2
Fighting       | 3 |  3.6
Spellcasting   | 2 |  2.2
Dodging        | 2 |  2.4
Axes           | 5 |  5.0
Ice Magic      | 1 |  1.0
Conjurations   | |  3.8

Action                   |  1- 3 |  4- 6 || total
-------------------------+-------+-------++-------
Melee: Hand axe          |   145 |   166 ||   311
 Cast: Hailstorm         |       |     1 ||     1
  Use: Potion            |       |     5 ||     5
       Scroll            |       |     3 ||     3
Armor: Leather armour    |    36 |   111 ||   147
       Scale mail        |       |     6 ||     6
Dodge: Dodged            |    83 |   168 ||   251

Table legend: (Time is in decaauts)
 A = Elapsed time spent in this place.
 B = Non-inter-level travel time spent in this place.
 C = Inter-level travel time spent in this place.
 D = Time resting spent in this place.
 E = Time spent auto-exploring this place.
 F = Levels seen in this place.
 G = Mean time per level.
                   A        B        C        D        E       F      G
               +--------+--------+--------+--------+--------+-----+--------+
         Total |   2389 |   2358 |     31 |     74 |   1552 |   4 |  597.2 |
       Dungeon |   1936 |   1905 |     31 |      0 |   1413 |   3 |  645.3 |
         Sewer |    453 |    453 |      0 |     74 |    138 |   1 |  453.0 |
               +--------+--------+--------+--------+--------+-----+--------+

Top non-repeatable levels by time:
     D:1: 950 daAuts
     D:2: 721 daAuts
   Sewer: 453 daAuts
     D:3: 264 daAuts
